 Dungeon Crawl Stone Soup version 0.27.0-66-gdc8fb28755 (webtiles) character file.

Game seed: 10647135470303752974

37 BOMJPIETVODKU the Digger (level 3, 0/25 HPs)
             Began as a Gnoll Earth Elementalist on Aug 20, 2021.
             Slain by Terence (3 damage)
             ... on level 1 of the Dungeon.
             The game lasted 00:04:22 (1885 turns).

BOMJPIETVODKU the Digger (Gnoll Earth Elementalist) Turns: 1885, Time: 00:04:22

Health: 0/25       AC:  2    Str:  7    XL:     3   Next: 39%
Magic:  0/9        EV: 13    Int: 15    God:
Gold:   63         SH:  0    Dex: 12    Spells: 11/12 levels left

rFire    . . .     SeeInvis .   f - +0 dagger
rCold    . . .     Faith    .   (no shield)
rNeg     . . .     Spirit   .   b - +0 robe
rPois    .         Reflect  .   (no helmet)
rElec    .         Harm     .   (no cloak)
rCorr    .         Rampage  .   (no gloves)
Will     .....                  (no boots)
Stlth    ++........             (no amulet)
HPRegen  0.08/turn              (no ring)
MPRegen  0.11/turn              (no ring)

@: no status effects
A: fangs 1, strong nose, distributed training
a: no special abilities


You were on level 1 of the Dungeon.
You visited 1 branch of the dungeon, and saw 2 of its levels.

You collected 63 gold pieces.

Inventory:

Hand Weapons
 f - a +0 dagger (weapon)
Missiles
 c - 55 stones
Armour
 b - a +0 robe (worn)
Scrolls
 h - a scroll of silence {unknown}
 i - a scroll of identify {unknown}
 j - a scroll of enchant armour {unknown}
Potions
 d - a potion of brilliance {unknown}
 e - a potion of might {unknown}
 g - a potion of ambrosia
 k - a potion of lignification {unknown}


   Skills:
 + Level 0.7 Fighting
 + Level 0.7 Short Blades
 + Level 0.7 Long Blades
 + Level 0.7 Axes
 + Level 0.7 Maces & Flails
 + Level 0.7 Polearms
 + Level 0.7 Staves
 + Level 0.7 Slings
 + Level 0.7 Bows
 + Level 0.7 Crossbows
 + Level 0.7 Throwing
 + Level 0.7 Armour
 + Level 4.5 Dodging
 + Level 4.1 Stealth
 + Level 0.7 Shields
 + Level 0.7 Unarmed Combat
 + Level 5.0 Spellcasting
 + Level 0.5 Conjurations
 + Level 0.5 Hexes
 + Level 0.5 Summonings
 + Level 0.5 Necromancy
 + Level 0.5 Translocations
 + Level 2.1 Transmutations
 + Level 0.5 Fire Magic
 + Level 0.5 Ice Magic
 + Level 0.5 Air Magic
 + Level 5.4 Earth Magic
 + Level 0.5 Poison Magic
 + Level 0.9 Invocations
 + Level 0.7 Evocations


You had 11 spell levels left.
You knew the following spells:

 Your Spells              Type           Power      Damage    Failure   Level
a - Sandblast             Erth           40%        2d10      1%          1

Your spell library contained the following spells:

 Spells                   Type           Power      Damage    Failure   Level
 Passwall                 Tmut/Erth      12%        N/A       5%          2
 Animate Skeleton         Necr           10%        N/A       13%         1
 Pain                     Necr           20%        1d5       13%         1
 Stone Arrow              Conj/Erth      24%        3d8       14%         3
 Petrify                  Tmut/Erth      15%        N/A       34%         4
 Vampiric Draining        Necr           2%         2d6       36%         3


Dungeon Overview and Level Annotations

Branches:
Dungeon (2/15)

Altars:

Annotations:
D:1 Terence


Innate Abilities, Weirdness & Mutations

You have very sharp teeth.
Your uncanny sense of smell can sniff out nearby items.
Your experience applies equally to all skills.


Message History

Terence is almost dead.
Terence closely misses you.
You don't have enough magic to cast this spell.
Press: ? - help, v - describe, . - travel
Here: Terence, wielding a +0 hand axe and wearing a +0 chain mail (almost dead)
The floor.
You hit Terence but do no damage.
Terence is almost dead.
Terence hits you with a +0 hand axe.
* * * LOW HITPOINT WARNING * * *
You feel much better. Terence hits you with a +0 hand axe.
You barely miss Terence.
Terence is almost dead.
Terence closely misses you.
You hit Terence but do no damage.
Terence is almost dead.
Terence hits you with a +0 hand axe.
You closely miss Terence.
Terence is almost dead.
Terence hits you with a +0 hand axe.
You hit Terence but do no damage. You bite Terence, but do no damage.
Terence is almost dead.
Terence hits you with a +0 hand axe!
* * * LOW HITPOINT WARNING * * *
Terence screams, "I want your blood!"
Aiming: Sandblast (safe; 1% risk of failure)
Press: ? - help, Q - select action, (/) - cycle Shift-Dir - straight line, f/p - Terence
Aim: Terence, wielding a +0 hand axe and wearing a +0 chain mail (almost dead, 86% to hit)
The blast of sand hits Terence but does no damage.
Terence is almost dead.
Terence closely misses you.
There is an escape hatch in the floor here.
Aiming: Sandblast (safe; 1% risk of failure)
Press: ? - help, Q - select action, (/) - cycle Shift-Dir - straight line, f/p - Terence
Aim: Terence, wielding a +0 hand axe and wearing a +0 chain mail (almost dead, 86% to hit)
The blast of sand hits Terence but does no damage.
Terence is almost dead.
Terence barely misses you. Terence hits you with a +0 hand axe.
You die...

...# #.##.....##.......... ##.#
#.#########..##'##### #.#
#####.#...........#.# # #.#
#.....#.#######.###.# ### #.#
#.#####.#######.....# #.. #.# #.#
#..>....####### #.# #.#
#.#####..####.# #.# #.#
#.......@#..#.#########.# #.#
########@#....#.........# #.#
#.#....#.#........ #.#
#.#....#.#........
##'#############.#....#.#........
...............#.#..#.#.#........
...............#.#....#.+[.......
...............#.##.#.###........
....................#............
.........).....#.###########.#...


You could see Terence.

Vanquished Creatures
  2 adders (D:2)
  2 dart slugs (D:1)
  An endoplasm (D:2)
  A giant cockroach (D:1)
  2 goblins
  A ball python (D:2)
  2 bats (D:1)
  3 frilled lizards
  A kobold (D:1)
  3 rats
18 creatures vanquished.

Notes
Turn   | Place    | Note
-------+----------+-------------------------------------------
     0 | D:1      | BOMJPIETVODKU the Gnoll Earth Elementalist began the quest
                  | for the Orb.
     0 | D:1      | Reached XP level 1. HP: 13/13 MP: 6/6
     3 | D:1      | Noticed an electric eel
     4 | D:1      | Noticed an electric eel
   543 | D:1      | Reached XP level 2. HP: 8/20 MP: 7/7
  1219 | D:2      | Reached XP level 3. HP: 19/25 MP: 5/9
  1454 | D:2      | Reached skill level 5 in Spellcasting
  1685 | D:2      | Noticed Terence
  1885 | D:1      | Slain by Terence

Illustrated notes

Levels and vault maps discovered:
D:1:      arrival_aquarium_b, layout_basic
D:2:      layout_basic, uniq_terence

Skill      XL: |  1  2  3 |
---------------+----------+-----
Transmutations | 2 |  2.1
Spellcasting   | 5 |  5.0
Fighting       | |  0.7
Short Blades   | |  0.7
Long Blades    | |  0.7
Axes           | |  0.7
Maces & Flails | |  0.7
Polearms       | |  0.7
Staves         | |  0.7
Slings         | |  0.7
Bows           | |  0.7
Crossbows      | |  0.7
Throwing       | |  0.7
Armour         | |  0.7
Dodging        | |  4.5
Stealth        | |  4.1
Shields        | |  0.7
Unarmed Combat | |  0.7
Conjurations   | |  0.5
Hexes          | |  0.5
Summonings     | |  0.5
Necromancy     | |  0.5
Translocations | |  0.5
Fire Magic     | |  0.5
Ice Magic      | |  0.5
Air Magic      | |  0.5
Earth Magic    | |  5.4
Poison Magic   | |  0.5
Invocations    | |  0.9
Evocations     | |  0.7

Action                   || total
-------------------------++-------
Melee: Unarmed           ||    49
       Bite              ||     8
       Dagger            ||    34
 Cast: Sandblast         ||    30
  Use: Potion            ||     3
 Stab: Sleeping          ||     4
Armor: Robe              ||    25
Dodge: Dodged            ||    58
